 Dungeon Crawl Stone Soup version 0.30-b1-2-g02819fbbbe (webtiles) character file.

Game seed: 13497834088565284909

2489 ElMinstaer the Grappler (level 9, -7/89 HPs)
             Began as a Troll Fighter on May 21, 2023.
             Was a High Priest of Nemelex Xobeh.
             Mangled by a sun demon (24 damage)
             ... summoned by a kobold demonologist
             ... in a bailey.
             The game lasted 00:35:24 (4920 turns).

ElMinstaer the Grappler (Troll Fighter)             Turns: 4920, Time: 00:35:25

Health: -7/89      AC:  4    Str: 30    XL:     9   Next: 27%
Magic:  11/11      EV: 14    Int:  4    God:    Nemelex Xobeh [*****.]
Gold:   338        SH:  7    Dex:  9    Spells: 8/8 levels left

rFire   . .          .
                       - Unarmed
rCold   . . .        b - +0 kite shield
rNeg    . . .        a - +0 robe
rPois   +            (helmet restricted)
rElec   .            (no cloak)
rCorr   .            (gloves unavailable)
SInv    .            (boots unavailable)
Will    .....        (no amulet)
Stlth   +            m - ring of poison resistance
HPRegen 1.14/turn    e - +5 ring of evasion
MPRegen 0.12/turn

%: no passive effects
@: spiked
A: large, unfitting armour, claws 3, regeneration 1, shaggy fur 1, tough skin 1
a: Renounce Religion, Draw Escape, Draw Destruction, Draw Summoning, Triple
Draw, Deal Four, Stack Five


You were in a bailey.
You worshipped Nemelex Xobeh.
Nemelex Xobeh was extremely pleased with you.
You visited 1 branch of the dungeon, and saw 7 of its levels.
You also visited: Sewer and Bailey.

You collected 338 gold pieces.

Inventory:

Hand Weapons
 q - the +6 dagger "Ditoit" {heavy, Will+ Int+3}
   (You found it on level 2 of the Dungeon)

   Int:       It affects your intelligence (+3).
   Will:      It increases your willpower.
Armour
 a - a +0 robe (worn)
 b - a +0 kite shield (worn)
 r - a scarf of harm
Jewellery
 e - a +5 ring of evasion (right claw)
 m - a ring of poison resistance (left claw)
Wands
 C - a wand of flame (18)
Scrolls
 d - 2 scrolls of enchant armour {unknown}
 f - 2 scrolls of vulnerability {unknown}
 h - a scroll of fog
 j - 7 scrolls of blinking
 l - 3 scrolls of magic mapping {unknown}
 n - a scroll of enchant weapon
 o - 2 scrolls of immolation {unknown}
 p - 2 scrolls of teleportation
 s - 3 scrolls of noise {unknown}
 t - 2 scrolls of silence {unknown}
 u - a scroll of summoning
 y - a scroll of poison {unknown}
 A - a scroll of amnesia {unknown}
Potions
 c - 3 potions of might
 g - 2 potions of invisibility
 i - a potion of heal wounds
 k - a potion of attraction
 v - 2 potions of resistance
 w - 7 potions of curing
 x - a potion of cancellation
 B - a potion of berserk rage


   Skills:
 + Level 6.0 Fighting
 - Level 2.4 Dodging
 - Level 2.6 Shields
 * Level 10.0 Unarmed Combat
 + Level 4.0 Invocations


You had 8 spell levels left.
You didn't know any spells.
Your spell library contained the following spells:

 Spells                   Type           Power      Damage    Failure   Level
 Dazzling Flash           Conj/Hex       0%         N/A       97%         3
 Volatile Blastmotes      Fire/Tloc      0%         2d10      97%         3
 Iskenderun's Mystic Bla  Conj/Tloc      0%         2d3       100%        4
 Starburst                Conj/Fire      0%         6d3       100%        6


Dungeon Overview and Level Annotations

Branches:
Dungeon (7/15)              Sewer (visited)          Bailey (1/1)
 Temple: D:4-7

Altars:
Nemelex Xobeh
Qazlal
Vehumet


Innate Abilities, Weirdness & Mutations

You are too large for most types of armour.
You have claws for hands.
Your natural rate of healing is unusually fast.
You are covered in fur. (AC +1)
You have tough skin. (AC +1)


Message History

The sun demon is briefly tinged with green.
Rocks fall onto the red devil out of nowhere.
You feel a surge of magic. The red devil completely misses you.
The sun demon hits you.
You are engulfed in flames!
The kobold demonologist begins to cast a cantrip, but forgets the words!
Press: ? - help, v - describe, . - travel, g - get item
Here: a kobold demonologist, wielding a +0 war axe and wearing a +0 ring mail (heavily wounded)
Items here: )) [[ †.
An open door, spattered with blood.
You fail to use your ability.
The red devil hits you from afar with a +0 trident!
Barbed spikes become lodged in your body.
The sun demon hits you!
* * * LOW HITPOINT WARNING * * *
You are engulfed in flames!
* * * LOW HITPOINT WARNING * * *
You block the kobold demonologist's attack.
Okay, then.
You feel much better. The sun demon barely misses you.
The red devil closely misses you. The kobold demonologist misses you.
As you read the scroll of fog, it crumbles to dust.
The scroll dissolves into smoke.
You block the sun demon's attack.
The red devil hits you from afar with a +0 trident!
* * * LOW HITPOINT WARNING * * *
Barbed spikes become lodged in your body.
The kobold demonologist looks braver for a moment.
The sun demon hits you.
* * * LOW HITPOINT WARNING * * *
You are engulfed in flames!
* * * LOW HITPOINT WARNING * * *
You feel much better. You block the red devil's attack.
The kobold demonologist hits you with a +0 war axe!
* * * LOW HITPOINT WARNING * * *
You block the sun demon's attack.
The barbs in your skin will harm you if you move.
Continue?
The barbed spikes dig painfully into your body as you move.
* * * LOW HITPOINT WARNING * * *
The sun demon hits you!!
You die...
Your body glows slightly and disappears.

#..⌠..'. #.....'.
#.....#. #####)'#. ≈
#......#. ≈~ #......#.
#.##############...#####
#...§#3§§§.))8.8.8.#
#...3K§@§§.#.......#
#+#.4############### #..
###


You could see a sun demon (summoned) and a kobold demonologist.

Vanquished Creatures
  3 orc warriors
  Pargi (Sewer)
  2 ice beasts (D:6)
  An ogre (D:5)
  A centaur (D:6)
  2 phantoms
  A bullfrog (D:6)
  A gnoll sergeant (D:5)
  A scorpion (D:5)
  3 wights (D:6)
  A howler monkey (D:6)
  3 hounds
  5 jellies
  An orc priest (D:6)
  8 iguanas
  Natasha (thrice) (D:2)
  2 sleepcaps
  17 gnolls
  6 adders
  A river rat (D:6)
  A shadow imp (D:6)
  An ufetubus (D:4)
  7 worms
  2 dart slugs
  11 orcs
  6 endoplasms
  4 giant cockroaches
  10 goblins
  7 hobgoblins
  7 jackals
  3 quokkas
  9 ball pythons
  5 bats
  3 frilled lizards
  12 kobolds
  4 rats
155 creatures vanquished.

Vanquished Creatures (collateral kills)
  Duvessa (D:6)
  2 wights (D:6)
  Dowan (D:6)
4 creatures vanquished.

Grand Total: 159 creatures vanquished

Notes
Turn   | Place    | Note
-------+----------+-------------------------------------------
     0 | D:1      | ElMinstaer the Troll Fighter began the quest for the Orb.
     0 | D:1      | Reached XP level 1. HP: 22/22 MP: 0/0
   303 | D:1      | Found a faded altar of an unknown god.
   307 | D:1      | Prayed at the altar of an unknown god.
   307 | D:1      | Became a worshipper of Nemelex Xobeh the Trickster
   307 | D:1      | Reached * piety under Nemelex Xobeh
   551 | D:1      | Reached XP level 2. HP: 29/29 MP: 1/1
   785 | D:2      | Received a gift from Nemelex Xobeh
   842 | D:2      | Reached skill level 3 in Unarmed Combat
   888 | D:2      | Reached XP level 3. HP: 33/36 MP: 2/2
   902 | D:2      | Noticed Natasha
   911 | D:2      | Killed Natasha
  1127 | D:2      | Reached XP level 4. HP: 38/45 MP: 3/3
  1199 | D:2      | Reached ** piety under Nemelex Xobeh
  1210 | D:2      | Noticed Natasha
  1214 | D:2      | Killed Natasha
  1215 | D:2      | Reached skill level 4 in Unarmed Combat
  1222 | D:2      | Identified the +6 dagger "Ditoit" {heavy, Will+ Int+3}
  1735 | D:2      | Noticed Natasha
  1746 | D:2      | Killed Natasha
  1747 | D:2      | Reached XP level 5. HP: 33/53 MP: 4/4
  2011 | D:3      | Reached skill level 5 in Unarmed Combat
  2253 | D:3      | Reached XP level 6. HP: 56/62 MP: 5/5
  2351 | D:3      | Found a radiant altar of Vehumet.
  2362 | D:3      | Received a gift from Nemelex Xobeh
  2708 | D:4      | Reached *** piety under Nemelex Xobeh
  2753 | D:4      | Reached skill level 6 in Unarmed Combat
  2995 | D:5      | Entered Level 5 of the Dungeon
  3087 | D:5      | Reached XP level 7. HP: 70/70 MP: 6/6
  3256 | D:5      | Reached skill level 7 in Unarmed Combat
  3440 | D:5      | Noticed an air elemental
  3443 | D:5      | Found a stormy altar of Qazlal.
  3447 | D:5      | Noticed a water elemental
  3447 | D:5      | Noticed a fire elemental
  3548 | D:5      | Reached skill level 5 in Fighting
  3548 | D:5      | Reached XP level 8. HP: 75/80 MP: 7/7
  3645 | D:6      | Reached skill level 8 in Unarmed Combat
  3708 | D:6      | Reached skill level 1 in Invocations
  3787 | D:6      | Found a glowing drain.
  3798 | Sewer    | Entered a sewer
  3798 | Sewer    | Reached **** piety under Nemelex Xobeh
  3798 | Sewer    | Received a gift from Nemelex Xobeh
  3840 | Sewer    | Noticed Pargi
  3843 | Sewer    | Killed Pargi
  4154 | D:6      | Reached skill level 9 in Unarmed Combat
  4208 | D:6      | Noticed Duvessa
  4208 | D:6      | Noticed Dowan
  4214 | D:6      | Killed Dowan
  4217 | D:6      | Killed Duvessa
  4291 | D:6      | Reached XP level 9. HP: 75/89 MP: 10/10
  4757 | D:7      | Received a gift from Nemelex Xobeh
  4783 | D:7      | Found a flagged portal.
  4796 | Bailey   | Entered a bailey
  4796 | Bailey   | Reached ***** piety under Nemelex Xobeh
  4902 | Bailey   | Reached skill level 10 in Unarmed Combat
  4905 | Bailey   | Noticed a kobold demonologist
  4908 | Bailey   | Noticed a sun demon
  4908 | Bailey   | Noticed a soul eater
  4912 | Bailey   | Noticed a red devil
  4916 | Bailey   | HP: 4/89 [sun demon[a kobold demonologist] (14)]
  4918 | Bailey   | HP: 1/89 [sun demon[a kobold demonologist] (15)]
  4920 | Bailey   | Mangled by a sun demon

Illustrated notes

Levels and vault maps discovered:
D:1:      ncdulo_watergridlock, layout_basic,
          hellmonk_ecumenical_altar_heavens_door
D:2:      layout_loops_corners, hangedman_glass_teeth, grunt_ministairs_13,
          uniq_natasha
D:3:      layout_rooms, mainiacjoe_overflow_cross_hatched, hex_medium
D:4:      layout_cave_pools, corexii_hall_statues_i
D:5:      layout_rooms, nicolae_qazlal_style_of_elements, minmay_pentangle
D:6:      layout_gridville, cheibrodos_sewer_entry_sluice,
          hellmonk_bongcloud_opening, nicolae_titane, uniq_duvessa
D:7:      layout_basic, grunt_dithmenos_shadows, mainiacjoe_overflow_chevrons,
          amethyst_overflow_temple_binary, mainiacjoe_overflow_two_lobes,
          minmay_temple_entry_trees, enter_bailey_3,
          minmay_hollow_rounded_squares
Bailey:   bailey_axe_of_yendor_kennysheep, bailey

Skill      XL: |  1  2  3  4  5  6  7  8  9 |
---------------+----------------------------+-----
Unarmed Combat | 3 4 5 6 7 9 10 | 10.0
Fighting       | 3 4 5 6 |  6.0
Invocations    | 3 4 |  4.0
Dodging        | |  2.4
Shields        | |  2.6

Action                     |  1- 3 |  4- 6 |  7- 9 || total
---------------------------+-------+-------+-------++-------
  Melee: Unarmed           |    97 |   189 |   202 ||   488
 Invoke: Draw Destruction  |       |       |     3 ||     3
         Draw Escape       |       |       |     1 ||     1
         Draw Summoning    |       |       |     1 ||     1
    Use: Scroll            |     1 |     5 |     8 ||    14
         Potion            |       |       |     2 ||     2
   Stab: Sleeping          |     1 |       |       ||     1
 Armour: Robe              |    18 |    24 |    21 ||    63
  Dodge: Dodged            |    29 |    49 |    85 ||   163
  Block: Kite shield       |    32 |    46 |    63 ||   141
